 Dungeon Crawl Stone Soup version 0.25-a0-435-g4b9beb1024 (webtiles) character file.

Game seed: 14035971623095919502, levelgen mode: classic

2054386 EnegeticOcto the Peltast (level 27, 158/158 HPs)
             Began as a Vine Stalker Berserker on Jan 29, 2020.
             Was an Elder of Trog.
             Escaped with the Orb
             ... and 3 runes!
             The game lasted 01:19:24 (47094 turns).

EnegeticOcto the Peltast (Vine Stalker Berserker)  Turns: 47094, Time: 01:19:24

Health: 158/158    AC: 24    Str: 32    XL:     27
Magic:  36/36      EV: 20    Int: 11    God:    Trog [****..]
Gold:   2361       SH: 26    Dex: 22    Spells: 26/26 levels left

rFire    + + +     SeeInvis .   T - +12 morningstar of a Million Songs {flame, rElec}
rCold    + . .     Gourm    .   G - +0 large shield
rNeg     . . .     Faith    .   X - +1 gold dragon scales
rPois    +         Spirit   +   Z - +2 hat of Zeguwkaf {+Blink}
rElec    +         Reflect  .   Y - scarf {rC+ rF+}
rCorr    +         Harm     .   C - +0 pair of gloves {Str+3}
MR       +++..                  d - +2 pair of boots
Stlth    ..........             f - amulet "Ymys" {*Corrode Regen+ Int+2 Dex+8 Slay+5}
HPRegen  1.56/turn              x - ring of Cethypri {rElec rC- rCorr Slay+2}
MPRegen  0.25/turn              A - +3 ring of evasion

@: hasted, very quick
A: fangs 3, clever 1, clumsy 1, deformed body, fire resistance 1, regeneration
2, weak 1, magic shield, antimagic bite, no potion heal 3, rot immunity, subdued
magic 1
0: Orb of Zot
}: 3/15 runes: decaying, silver, gossamer
a: Berserk, Trog's Hand, Brothers in Arms, Renounce Religion, Evoke Blink


You escaped.
You worshipped Trog.
Trog was greatly pleased with you.
You were completely stuffed.

You visited 9 branches of the dungeon, and saw 48 of its levels.
You visited 1 bazaar.
You also visited: Trove and Ossuary.

You collected 9719 gold pieces.
You spent 7358 gold pieces at shops.

Inventory:

Hand Weapons
 E - a +9 vampiric demon whip
 I - a +9 demon whip of freezing
 T - the +12 morningstar of a Million Songs (weapon) {flame, rElec}
   (Trog gifted it to you on level 4 of the Vaults)

   It has been specially enchanted to burn those struck by it, causing extra
   injury to most foes and up to half again as much damage against particularly
   susceptible opponents.
   It insulates you from electricity.
Missiles
 t - a throwing net (quivered) {!f}
Armour
 d - a +2 pair of boots (worn)
 C - a +0 pair of gloves of strength (worn)
 G - a +0 large shield (worn)
 P - the cursed +0 helmet of the King of the Hill {-Tele Dex+5}
   (You found it on level 5 of the Lair of Beasts)

   It affects your dexterity (+5).
   It prevents most forms of teleportation.
   If you switch to wearing this armour, your AC will rise 0 points (24 -> 24)
   It has a curse placed upon it.
 X - +1 gold dragon scales (worn)
 Y - a scarf of resistance (worn)
 Z - the +2 hat of Zeguwkaf (worn) {+Blink}
   (You found it on level 3 of the Swamp)

   It lets you blink.
   If you remove this armour, your AC will fall 2 points (24 -> 22)
Jewellery
 f - the amulet "Ymys" (around neck) {*Corrode Regen+ Int+2 Dex+8 Slay+5}
   (You found it in a treasure trove)

   [amulet of regeneration]

   It affects your intelligence (+2).
   It affects your dexterity (+8).
   It affects your accuracy and damage with ranged weapons and melee attacks
   (+5).
   It increases your rate of regeneration.
   It may corrode you when you take damage.
 r - the amulet of Vitality {Regen+ HP+15}
   (You bought it in a shop on level 2 of the Vaults)

   [amulet of regeneration]

   It affects your health (+15).
   It increases your rate of regeneration.
 s - an uncursed amulet of rage {unknown}
 x - the ring of Cethypri (left hand) {rElec rC- rCorr Slay+2}
   (You bought it in a shop on level 5 of the Depths)

   [ring of resist corrosion]

   It affects your accuracy and damage with ranged weapons and melee attacks
   (+2).
   It makes you vulnerable to cold.
   It insulates you from electricity.
   It provides partial protection from all sources of acid and corrosion.
 A - a +3 ring of evasion (right hand)
Wands
 p - a wand of acid (6)
 w - a wand of paralysis (17)
 D - a wand of clouds (8)
 K - a wand of disintegration (29)
 Q - a wand of digging (12)
 U - a wand of enslavement (3)
 W - a wand of iceblast (20)
Scrolls
 c - 4 scrolls of identify {@r1}
 g - 10 scrolls of fear {!r}
 h - 6 scrolls of blinking {@r4}
 i - 24 scrolls of remove curse {@r2}
 m - 14 scrolls of teleportation {@r3 !r}
 q - 8 scrolls of fog {!r}
 v - 2 scrolls of vulnerability
 y - 8 scrolls of immolation
 z - a scroll of enchant weapon
 H - 2 scrolls of magic mapping {@r5 !r}
 V - 2 scrolls of holy word
Potions
 a - 5 potions of ambrosia
 b - 7 potions of might {@q3 !q}
 j - 4 potions of brilliance
 k - 16 potions of lignification {@q6}
 l - 7 potions of haste {@q4 !q}
 n - 20 potions of curing {@q1 !q}
 o - 2 potions of resistance
 u - 6 potions of magic
 B - 2 potions of cancellation
 F - 4 potions of agility {@q5 !q}
 L - 2 potions of berserk rage
 M - 2 potions of invisibility
 R - 5 potions of mutation
Miscellaneous
 N - a lightning rod (4/4)
 O - 2 boxes of beasts
Comestibles
 e - 55 rations


   Skills:
 + Level 20.4 Fighting
 - Level 16.0 Maces & Flails
 + Level 18.2 Armour
 + Level 15.1 Dodging
 + Level 20.6 Shields
 + Level 16.7 Evocations


You had 26 spell levels left.
You didn't know any spells.
Your spell library was empty.

Dungeon Overview and Level Annotations

Branches:
Dungeon (15/15)            Temple (0/1) D:6            Lair (6/6) D:10
  Swamp (4/4) Lair:3       Spider (4/4) Lair:2        Slime (0/5) Lair:5
    Orc (2/2) D:11            Elf (2/3) Orc:2        Vaults (5/5) D:14
  Crypt (0/3) Vaults:3     Depths (5/5) D:15            Zot (5/5) Depths:5
Ossuary (visited)

Altars:
Dithmenos
Gozag
Makhleb
Okawaru
Trog
Vehumet
Xom
Zin
Jiyva
Lugonu

Shops:
D:5 :   D:8 (   Orc:2 *(*%(   Elf:1 }[%   Vaults:1 :*(   Vaults:2 =
Vaults:4 (   Depths:5 ==}

Portals:
Hell: Lair:6 Depths:1 Depths:2 Depths:3 Depths:4 Depths:5
Abyss: Depths:2 Depths:4
Pandemonium: Depths:2 Depths:3
Ziggurat: Depths:1

Annotations:
D:8 exclusion: ice statue
Lair:5 exclusion: 2 oklob plants
Spider:2 3 runed translucent doors, Perturabo's ghost, adept FoFi
Spider:3 1 runed translucent door, dricus's ghost, adept KoBe
Depths:1 31 runed doors
Zot:2 2 transporters


Innate Abilities, Weirdness & Mutations

You have razor-sharp teeth.
You heal very quickly.
When hurt, damage is shared between your health and your magic reserves.
Your bite disrupts and absorbs the magic of your enemies.
Potions cannot restore your health.
You are immune to rotting.
Your mind is acute. (Int +2)
You are clumsy. (Dex -2)
Armour fits poorly on your strangely shaped body.
Your flesh is heat resistant. (rF+)
You are weak. (Str -2)
Your spells are a little easier to cast, but a little less powerful.


Message History

(N) Spider Nest (M) Slime Pits (O) Orcish Mines (E) Elven Halls (V) Vaults (C) Crypt (U) Depths (H) Hell (Z) Zot
Where to? (Enter - D:1 @ (x,y), ? - help) HP restored.
Magic restored.
There is a stone staircase leading up here.
You climb upwards.
There is a stone staircase leading down here.
There is a stone staircase leading up here.
You climb upwards.
Level annotation: exclusion: ice statue The ufetubus shouts! x2
There is a stone staircase leading down here.
Your extra speed is starting to run out.
You feel yourself slow down.
There is a stone staircase leading up here.
You climb upwards.
There is a stone staircase leading down here.
There is a stone staircase leading up here.
You climb upwards.
There is a stone staircase leading down here.
There is an open door here.
There is an open door here.
An ice devil comes into view.
There is an open door here.
Really quaff
l - 9 potions of haste {@q4 !q}?
You feel yourself speed up.
There is an open door here.
There is a stone staircase leading up here.
You climb upwards.
There is a stone staircase leading down here.
(D) Dungeon (T) Temple (L) Lair (S) Swamp (N) Spider Nest (M) Slime Pits (O) Orcish Mines (E) Elven Halls (V) Vaults (C) Crypt (U) Depths (H) Hell (Z) Zot
Where to? (Enter - D:1 @ (x,y), ? - help)
You see here 8 stones.
Your extra speed is starting to run out.
You feel yourself slow down.
A tentacled monstrosity comes into view.
A lich comes into view.
Poniloc comes into view.
There is a stone staircase leading up here.
You climb upwards.
There is a stone staircase leading down here.
(D) Dungeon (T) Temple (L) Lair (S) Swamp (N) Spider Nest (M) Slime Pits (O) Orcish Mines (E) Elven Halls (V) Vaults (C) Crypt (U) Depths (H) Hell (Z) Zot
Where to? (Enter - D:1 @ (x,y), ? - help)
A sun demon comes into view.
You hit the sun demon. You bite the sun demon!! You drain its power.
The sun demon is heavily wounded.
You block the sun demon's attack.
Your shield and gold dragon scales prevent you from hitting the sun demon.
You bite the sun demon! You drain its power.
The sun demon is severely wounded.
You block the sun demon's attack.
You sock the sun demon! Your bite misses the sun demon.
The sun demon is almost dead.
You block the sun demon's attack.
You sock the sun demon!
You kill the sun demon!
Trog accepts your kill.
No target in view!
Really quaff
l - 8 potions of haste {@q4 !q}?
You feel yourself speed up.
(D) Dungeon (T) Temple (L) Lair (S) Swamp (N) Spider Nest (M) Slime Pits (O) Orcish Mines (E) Elven Halls (V) Vaults (C) Crypt (U) Depths (H) Hell (Z) Zot
Where to? (Enter - D:1 @ (x,y), ? - help)
There is a stone staircase leading up here.
You climb upwards.
There is a stone staircase leading down here.
There is an open door here.
A gelid demonspawn comes into view. It is wielding a +0 mace.
There is a stone staircase leading up here.
You climb upwards.
There is a stone staircase leading down here.
(D) Dungeon (T) Temple (L) Lair (S) Swamp (N) Spider Nest (M) Slime Pits (O) Orcish Mines (E) Elven Halls (V) Vaults (C) Crypt (U) Depths (H) Hell (Z) Zot
Where to? (Enter - D:1 @ (x,y), ? - help)
A Tzitzimitl comes into view.
The Tzitzimitl roars!
A sixfirhy comes into view.
There is a stone staircase leading up here.
You climb upwards.
There is a stone staircase leading down here.
Evoke which item? (* to show all) (? for menu, Esc to quit)
Aiming: Dig
Press: ? - help, Shift-Dir - straight line A rock wall.
This square is covered in magical glow.
The rock shatters into small pieces.
There is a staircase leading out of the dungeon here.
You have escaped!

##.##.....# ##.###...#.#
##.##.....# #..##...##.#
...#......# #......###.#
##.#......# #.....## #.#
###......# #....## #.# #......#
##.....## #.# #......#
#.......###.#
###.#########...........#
#..........# #.@....###.# ####
#..........# #......# #.### #...
#..........####.##### #...# #...
##.>........'.##.^# ###.###...
............#####.# #...#...
.#..........# #># #...#...
............# ### #...#...
##..........# ############.###...
.#..........###............######


There were no monsters in sight!

Vanquished Creatures
  A pandemonium lord (Depths:1)
  6 ancient liches (Zot:5)
  3 orbs of fire (Zot:5)
  Mara (Spider:4)
  Bai Suzhen (Swamp:3)
  4 Killer Klowns (Zot:5)
  A caustic shrike (Depths:2)
  Margery (Vaults:3)
  4 curse toes
  Saint Roka (Vaults:4)
  Nikola (Vaults:3)
  Jory (Vaults:5)
  8 golden dragons
  Arachne (Spider:4)
  3 electric golems
  A Brimstone Fiend (D:15)
  6 liches
  8 tentacled monstrosities
  Jorgrun (D:12)
  Rupert (D:14)
  19 Orb Guardians
  2 quicksilver dragons
  3 death cobs (Zot:5)
  3 titans (Vaults:5)
  Gastronok (Lair:3)
  Frances (Swamp:2)
  11 storm dragons
  3 thorn hunters
  6 shadow dragons
  10 sphinxes
  4 tengu reavers
  Kirke (Spider:1)
  A draconian monk (Zot:2)
  2 iron dragons
  5 frost giants
  15 fire giants
  5 deep elf sorcerers
  A draconian knight (Zot:5)
  14 vault wardens
  2 draconian shifters
  Aizul (Elf:1)
  5 draconian scorchers
  6 emperor scorpions
  4 ghost moths
  Louise (Elf:1)
  A cacodemon (Depths:1)
  2 ghouls
  12 ironheart preservers
  A draconian stormcaller (Depths:5)
  2 spriggan defenders
  A war gargoyle (Vaults:5)
  5 green draconians
  17 very ugly things
  6 entropy weavers
  29 stone giants
  4 vampire knights
  4 yellow draconians
  5 purple draconians
  A dire elephant (Lair:6)
  A spark wasp (Spider:1)
  2 deep elf annihilators
  4 red draconians
  5 black draconians
  Azrael (D:15)
  6 white draconians
  16 ettins
  A blizzard demon (Depths:3)
  A deep elf death mage (Vaults:2)
  Snorg (Lair:6)
  12 yaktaur captains
  Josephine (D:13)
  2 jiangshi (Depths:5)
  A deep elf high priest (Vaults:5)
  29 vault guards
  9 rakshasas
  Fannar (D:12)
  16 fire dragons
  4 large abominations
  13 great orbs of eyes
  13 ogre magi
  A monstrous demonspawn (Depths:3)
  5 spriggan air magi
  21 hydras
  A hell beast (Lair:6)
  An ice dragon (shapeshifter) (Vaults:5)
  The ghost of PeterQ the Nimble, a journeyman GnGl of Uskayaw (D:9)
  14 ice dragons
  A catoblepas (shapeshifter) (Vaults:3)
  2 ghost crabs (Swamp:3)
  3 shambling mangroves (Swamp:2)
  2 catoblepae (Lair:6)
  39 two-headed ogres
  6 alligators
  20 centaur warriors
  2 death knights
  9 deep troll earth magi
  14 deep troll shamans
  5 death yaks (Lair:6)
  7 tengu warriors
  5 vampire magi
  4 dancing weapons (Elf:1)
  11 spriggan berserkers
  A soul eater (Vaults:3)
  10 deep elf knights
  Nergalle (Lair:3)
  A sun demon (D:4)
  7 iron trolls
  A shadow wraith (Vaults:1)
  3 skeletal warriors
  4 glowing orange brains
  10 hell knights
  2 spriggan druids (Swamp:4)
  A torturous demonspawn (Depths:3)
  30 deep trolls
  A flayed ghost (Depths:2)
  A glowing orange brain (shapeshifter) (Vaults:5)
  6 unseen horrors
  An orange crystal statue (Vaults:1)
  9 swamp dragons
  A swamp dragon (shapeshifter) (D:14)
  15 ironbrand convokers
  3 phantasmal warriors
  A harpy (shapeshifter) (Depths:3)
  13 deep elf archers
  9 wizards
  4 necromancers
  A small abomination (Vaults:5)
  50 ugly things
  2 orc sorcerers
  31 orb spiders
  53 deep elf magi
  41 wolf spiders
  11 orc knights
  3 human zombies
  A fire giant zombie (D:15)
  3 moths of wrath (Zot:2)
  A manticore (shapeshifter) (Vaults:3)
  3 cyclopes
  A salamander (shapeshifter) (Depths:2)
  3 manticores
  A stone giant zombie (Vaults:2)
  A frost giant zombie (D:15)
  A tengu skeleton (D:15)
  A guardian serpent (shapeshifter) (Depths:2)
  5 elephants
  A rust devil (Depths:2)
  3 black mambas
  4 gargoyles
  5 torpor snails
  16 vault sentinels
  A yaktaur zombie (Vaults:2)
  An eye of devastation (shapeshifter) (D:13)
  3 smoke demons (D:12)
  2 orange demons (Lair:6)
  A water nymph (Spider:4)
  2 efreet
  18 spiny frogs
  A tormentor (Depths:1)
  6 rime drakes
  6 freezing wraiths
  18 demonic crawlers
  A kobold demonologist (D:15)
  An ice devil (Lair:6)
  43 yaktaurs
  3 hellwings
  8 komodo dragons
  7 tengu conjurers
  2 meliai (shapeshifter)
  5 trolls
  40 jumping spiders
  12 tyrant leeches
  A polar bear (shapeshifter) (Vaults:2)
  A meliai (D:13)
  24 hornets
  A hornet (shapeshifter) (Depths:5)
  A hippogriff (shapeshifter) (Vaults:2)
  35 slime creatures
  Prince Ribbit (D:7)
  20 blink frogs
  Grinder (D:3)
  A raiju (shapeshifter) (Vaults:5)
  7 dream sheep (Lair:5)
  An ettin zombie (D:15)
  23 hippogriffs
  7 bog bodies
  7 water elementals
  69 redbacks
  A spriggan (shapeshifter) (D:15)
  Sigmund (D:5)
  2 vampires
  7 shadows
  6 spriggans
  24 tarantellas
  8 wraiths
  15 vampire mosquitoes
  6 wyverns
  A ynoxinul (Depths:3)
  52 yaks
  3 fire elementals (D:15)
  2 hogs (shapeshifter)
  10 basilisks
  4 hogs (Spider:1)
  Grum (D:10)
  A hungry ghost (D:14)
  A steam dragon (Lair:1)
  7 wargs
  11 swamp worms
  15 insubstantial wisps
  3 acid dragons
  A naga (shapeshifter) (Depths:4)
  A floating eye (Depths:4)
  5 hell hounds
  12 water moccasins
  A floating eye (shapeshifter) (Vaults:5)
  5 porcupines
  18 swamp drakes
  2 hornet zombies
  50 orc warriors
  A sky beast (D:6)
  2 black bears
  8 ice beasts
  2 necrophages
  An eye of draining (shapeshifter) (Vaults:2)
  27 ogres
  An orc zombie (Vaults:2)
  2 phantoms
  31 wolves
  9 boggarts
  12 crocodiles
  33 centaurs
  2 eyes of draining
  A human skeleton (Vaults:4)
  A bullfrog (shapeshifter) (Vaults:5)
  5 gnoll sergeants
  6 big kobolds
  22 bullfrogs
  An earth elemental (Elf:1)
  A wyvern zombie (D:12)
  A water moccasin zombie (Ossuary)
  2 scorpions
  A wyvern skeleton (D:10)
  13 killer bees
  2 human simulacra (Vaults:3)
  3 wights (D:15)
  An electric eel (Lair:1)
  2 howler monkeys
  2 bullfrog zombies
  3 quasits
  8 crimson imps
  5 centaur zombies
  6 jellies
  14 orc priests
  Crazy Yiuf (D:2)
  3 gnoll shamans (D:4)
  10 hounds
  An iron imp (Depths:3)
  24 orc wizards
  Jessica (D:2)
  A bullfrog skeleton (D:6)
  2 centaur skeletons
  13 mummies (Ossuary)
  13 worker ants
  2 hound zombies
  2 howler monkey zombies
  4 worker ant zombies
  38 gnolls
  A howler monkey skeleton (D:8)
  14 adders
  A river rat (D:10)
  4 shadow imps
  A white imp (Depths:3)
  2 ufetubi (Depths:3)
  2 oozes (D:3)
  An adder skeleton (D:4)
  3 adder zombies
  4 worms
  3 dart slugs
  4 leopard geckos
  81 orcs
  A ball python (D:2)
  A giant cockroach (D:3)
  8 goblins
  6 hobgoblins
  3 iguanas
  22 jackals
  27 kobolds
  2 quokkas
  8 bats
  2 frilled lizards
  3 jackal skeletons
  3 leopard gecko zombies (Ossuary)
  3 quokka zombies (Ossuary)
  11 rats
  A butterfly (Lair:6)
  A withered plant (D:15)
2186 creatures vanquished.

Vanquished Creatures (collateral kills)
  Mennas (Vaults:4)
  4 Killer Klowns (Zot:5)
  2 golden dragons (Zot:5)
  An electric golem (Zot:5)
  A tentacled monstrosity (Zot:5)
  7 Orb Guardians (Zot:5)
  2 sphinxes
  A ghost moth (Spider:4)
  A fire giant (Vaults:5)
  A vault warden (Vaults:3)
  An ironheart preserver (Vaults:2)
  A deep elf annihilator (Vaults:5)
  A fire dragon (Vaults:3)
  A yaktaur captain (Vaults:2)
  A great orb of eyes (Vaults:3)
  A vault guard (Vaults:5)
  A hydra (Lair:5)
  3 death yaks (Lair:2)
  A shadow wraith (Vaults:2)
  A glowing orange brain (Depths:2)
  An ironbrand convoker (Vaults:2)
  A wolf spider (Spider:4)
  An ugly thing (Vaults:2)
  4 vault sentinels
  An orange demon (Lair:6)
  2 red devils (Lair:6)
  2 yaktaurs
  A blink frog (Lair:5)
  A slime creature (Vaults:2)
  2 dream sheep (Lair:5)
  A steam dragon (Lair:5)
  A hell hound (Lair:6)
  A floating eye (Depths:2)
  An ogre (Vaults:3)
  A crocodile (Lair:5)
  A bullfrog (Lair:2)
  A worker ant (D:14)
56 creatures vanquished.

Vanquished Creatures (others)
  A quicksilver dragon (Zot:4)
  2 deep elf knights (Elf:1)
  A deep elf archer (Elf:2)
  A deep elf mage (D:15)
  A manticore (D:15)
  A slime creature (Vaults:2)
  2 yaktaurs
  2 tyrant leeches
  2 insubstantial wisps (Swamp:3)
  2 orc warriors (Orc:2)
  A swamp drake (Swamp:1)
  3 centaurs
  A bullfrog (D:15)
  A wight (D:15)
  A jelly (D:15)
  An iron imp (Depths:3)
  An adder (D:12)
  3 orcs (Orc:2)
  3 kobolds
  A fungus (Lair:2)
  58 plants
  5 toadstools (Swamp:3)
  A withered plant (Ossuary)
95 creatures vanquished.

Grand Total: 2337 creatures vanquished

Notes
Turn   | Place    | Note
-------+----------+-------------------------------------------
     0 | D:1      | EnegeticOcto the Vine Stalker Berserker began the quest for
                  | the Orb.
     0 | D:1      | Reached XP level 1. HP: 11/11 MP: 2/2
   199 | D:1      | Reached XP level 2. HP: 16/16 MP: 3/3
   609 | D:1      | Reached XP level 3. HP: 20/20 MP: 4/4
  1170 | D:2      | Reached ** piety under Trog
  1411 | D:2      | Reached skill level 1 in Shields
  1411 | D:2      | Gained mutation: Your natural rate of healing is unusually
                  | fast. [Vine Stalker growth]
  1411 | D:2      | Reached XP level 4. HP: 17/24 MP: 3/5
  1436 | D:2      | Found a shimmering altar of Xom.
  1667 | D:2      | Reached XP level 5. HP: 23/29 MP: 4/6
  1830 | D:2      | Noticed Jessica
  1834 | D:2      | Killed Jessica
  1905 | D:2      | You fall into a shaft and drop 2 floors!
  2198 | D:2      | Found a runed translucent door.
  2199 | D:2      | Noticed Crazy Yiuf
  2261 | D:2      | Killed Crazy Yiuf
  2473 | D:3      | Found an opulent altar of Gozag.
  2556 | D:3      | Noticed Grinder
  2577 | D:3      | Killed Grinder
  2577 | D:3      | Reached XP level 6. HP: 19/34 MP: 7/7
  3148 | D:4      | Reached XP level 7. HP: 35/38 MP: 8/8
  3314 | D:4      | Reached *** piety under Trog
  3386 | D:4      | Reached skill level 5 in Maces & Flails
  3391 | D:4      | Reached skill level 5 in Fighting
  3729 | D:4      | Got a pitted hunting sling
  3730 | D:4      | Identified the +6 hunting sling "Kesin" {vorpal, *Drain
                  | rElec Dex+2 SInv} (You found it on level 4 of the Dungeon)
  3989 | D:4      | Gained mutation: You have razor-sharp teeth. [Vine Stalker
                  | growth]
  3989 | D:4      | Reached XP level 8. HP: 42/44 MP: 7/9
  4016 | D:4      | Reached **** piety under Trog
  4289 | D:5      | Entered Level 5 of the Dungeon
  4374 | D:5      | Found a shadowy altar of Dithmenos.
  4396 | D:5      | Found Vinuyh's Book Shop.
  4517 | D:5      | Noticed a wyvern
  4526 | D:5      | Killed a wyvern
  4596 | D:5      | Noticed Sigmund
  4612 | D:5      | Killed Sigmund
  4913 | D:6      | Reached XP level 9. HP: 50/50 MP: 8/10
  5197 | D:6      | Found a staircase to the Ecumenical Temple.
  5379 | D:6      | Reached ***** piety under Trog
  5379 | D:6      | Received a gift from Trog
  5727 | D:7      | Noticed Prince Ribbit
  5741 | D:7      | Killed Prince Ribbit
  5788 | D:7      | Found a sand-covered staircase.
  5797 | Ossuary  | Entered an ossuary
  5821 | Ossuary  | Reached skill level 1 in Evocations
  6484 | D:8      | Noticed an ice devil
  6484 | D:8      | Noticed an ice devil
  6486 | D:8      | Noticed an ice devil
  6488 | D:8      | Noticed an ice statue
  6550 | D:8      | Noticed an ice devil
  6577 | D:8      | Reached XP level 10. HP: 56/56 MP: 12/12
  6631 | D:8      | Got a jewelled helmet
  6632 | D:8      | Identified the -2 helmet of a bailey {Int+8} (You found it
                  | on level 8 of the Dungeon)
  6726 | D:8      | Found Zakk's Weapon Boutique.
  6778 | D:8      | Found a glowing silver altar of Zin.
  6793 | D:8      | Received a gift from Trog
  7009 | D:8      | Found a radiant altar of Vehumet.
  7157 | D:9      | Found an iron altar of Okawaru.
  7708 | D:9      | Found a large runed translucent door.
  7709 | D:9      | Found a large runed translucent door.
  7710 | D:9      | Noticed PeterQ's ghost (journeyman GnGl)
  7799 | D:10     | Entered Level 10 of the Dungeon
  7865 | D:10     | Found a staircase to the Lair.
  7924 | D:10     | Reached XP level 11. HP: 58/60 MP: 15/15
  8025 | D:10     | Noticed Grum
  8041 | D:10     | Killed Grum
  8184 | D:10     | Received a gift from Trog
  8279 | D:10     | Noticed a two-headed ogre
  8288 | D:10     | Killed a two-headed ogre
  8410 | D:10     | Reached skill level 5 in Armour
  8410 | D:10     | Reached skill level 5 in Dodging
  8410 | D:10     | Reached skill level 5 in Evocations
  8844 | D:11     | Found a staircase to the Orcish Mines.
  9131 | D:11     | Noticed a two-headed ogre
  9143 | D:11     | Killed a two-headed ogre
  9354 | Lair:1   | Entered Level 1 of the Lair of Beasts
  9359 | Lair:1   | Noticed a four-headed hydra
  9379 | Lair:1   | Killed a four-headed hydra
  9421 | Lair:1   | Received a gift from Trog
  9559 | Lair:1   | Gained mutation: You heal very quickly. [Vine Stalker
                  | growth]
  9559 | Lair:1   | Reached XP level 12. HP: 65/67 MP: 17/17
 10356 | Lair:2   | Noticed a four-headed hydra
 10366 | Lair:2   | Reached skill level 5 in Shields
 10379 | Lair:2   | Killed a four-headed hydra
 10379 | Lair:2   | Reached skill level 10 in Maces & Flails
 10381 | Lair:2   | Reached skill level 10 in Fighting
 10567 | Lair:2   | Noticed a death yak
 10567 | Lair:2   | Noticed a death yak
 10567 | Lair:2   | Noticed a death yak
 10595 | Lair:2   | Killed a death yak
 10597 | Lair:2   | Killed a death yak
 10602 | Lair:2   | Killed a death yak
 10613 | Lair:2   | Found a hole to the Spider Nest.
 11326 | Lair:3   | Noticed Gastronok
 11339 | Lair:3   | Killed Gastronok
 11339 | Lair:3   | Reached XP level 13. HP: 72/72 MP: 18/18
 11363 | Lair:3   | Noticed Nergalle
 11384 | Lair:3   | Killed Nergalle
 12059 | Lair:3   | Received a gift from Trog
 12063 | Lair:3   | Found a staircase to the Swamp.
 12829 | Lair:5   | Found a viscous altar of Jiyva.
 12829 | Lair:5   | Found a staircase to the Slime Pits.
 13373 | Lair:5   | Got an ancient helmet
 13380 | Lair:5   | Identified the cursed +0 helmet of the King of the Hill
                  | {-Tele Dex+5} (You found it on level 5 of the Lair of
                  | Beasts)
 13431 | Lair:5   | Reached XP level 14. HP: 79/79 MP: 19/19
 13782 | Lair:6   | Entered Level 6 of the Lair of Beasts
 13809 | Lair:6   | Noticed Snorg
 13820 | Lair:6   | Received a gift from Trog
 13827 | Lair:6   | Killed Snorg
 14543 | Lair:6   | Noticed a dire elephant
 14556 | Lair:6   | Killed a dire elephant
 14637 | Lair:6   | Found a burning altar of Makhleb.
 14644 | Lair:6   | Received a gift from Trog
 14717 | Lair:6   | Found a gateway to Hell.
 14943 | Orc:1    | Entered Level 1 of the Orcish Mines
 15197 | Orc:1    | Found a bloodstained altar of Trog.
 15422 | Orc:2    | Entered Level 2 of the Orcish Mines
 15422 | Orc:2    | Found a staircase to the Elven Halls.
 15470 | Orc:2    | Received a gift from Trog
 15568 | Orc:2    | Reached XP level 15. HP: 77/84 MP: 20/20
 15725 | Orc:2    | Found Exkoyqi's General Store.
 16146 | Orc:2    | Found Dofij's Food Emporium.
 16146 | Orc:2    | Found Keosuce's General Store.
 16148 | Orc:2    | Found Iptairgh's Weapon Shop.
 16150 | Orc:2    | Found Kuckuageja's Weapon Shoppe.
 16220 | Orc:2    | Bought a +2 crystal plate armour for 1380 gold pieces
 16220 | Orc:2    | Bought a +0 pair of boots of stealth for 172 gold pieces
 16258 | Orc:2    | Bought a scroll of fog for 28 gold pieces
 16258 | Orc:2    | Bought a potion of resistance for 140 gold pieces
 16258 | Orc:2    | Bought a potion of curing for 42 gold pieces
 16258 | Orc:2    | Bought a scroll of fear for 49 gold pieces
 16258 | Orc:2    | Bought a wand of disintegration (13) for 238 gold pieces
 16331 | D:12     | Noticed Jorgrun
 16344 | D:12     | Killed Jorgrun
 16344 | D:12     | Received a gift from Trog
 16764 | D:12     | Noticed Fannar
 16772 | D:12     | Killed Fannar
 17060 | D:13     | Noticed Josephine
 17072 | D:13     | Killed Josephine
 17238 | D:13     | You fall into a shaft and drop 2 floors!
 17238 | D:15     | Entered Level 15 of the Dungeon
 17290 | D:14     | Paralysed by a hornet for 3 turns
 17380 | D:14     | Found a portal to a secret trove of treasure.
 17424 | D:14     | Reached skill level 10 in Shields
 17449 | D:14     | Found a gate to the Vaults.
 17455 | D:14     | Reached skill level 10 in Dodging
 17456 | D:14     | Reached skill level 10 in Armour
 17471 | D:14     | Received a gift from Trog
 17733 | D:14     | Noticed Rupert
 17745 | D:14     | Killed Rupert
 17745 | D:14     | Reached XP level 16. HP: 91/91 MP: 21/21
 18210 | D:14     | Found a flickering gateway to a bazaar.
 18215 | Bazaar   | Entered a bazaar
 18216 | Bazaar   | Found Doinajy's Antique Armour Shoppe.
 18227 | Bazaar   | Found Unevist's Distillery.
 18238 | Bazaar   | Found Ydupsur's General Store.
 18246 | Bazaar   | Found Adicig's Gadget Emporium.
 18257 | Bazaar   | Found Yxexto's Antique Weapon Boutique.
 18306 | Bazaar   | Bought a scroll of magic mapping for 45 gold pieces
 18306 | Bazaar   | Bought a scroll of holy word for 97 gold pieces
 18331 | Bazaar   | Bought a potion of mutation for 104 gold pieces
 18331 | Bazaar   | Bought 2 potions of curing for 78 gold pieces
 18410 | D:15     | Found a bloodstained altar of Trog.
 18423 | D:15     | Noticed Azrael
 18452 | D:15     | Received a gift from Trog
 18462 | D:15     | Killed Azrael
 18907 | D:15     | Found a staircase to the Depths.
 19246 | D:13     | Noticed a storm dragon
 19265 | D:13     | Killed a storm dragon
 19348 | D:13     | Received a gift from Trog
 19637 | D:13     | Identified a scroll of acquirement
 19638 | D:13     | Identified the ring of Odoehuyle {Fire Int+3 SInv} (You
                  | acquired it on level 13 of the Dungeon)
 19794 | Swamp:1  | Entered Level 1 of the Swamp
 20335 | D:9      | Killed PeterQ's ghost
 20416 | Elf:1    | Entered Level 1 of the Elven Halls
 20686 | Elf:1    | Reached XP level 17. HP: 96/96 MP: 22/22
 20733 | Elf:1    | Found Galanin's Antique Armour Shop.
 20733 | Elf:1    | Found Ydiceck's Gadget Boutique.
 20753 | Elf:1    | Bought a glowing cloak for 157 gold pieces
 20938 | Elf:1    | Noticed Aizul
 20970 | Elf:1    | Killed Aizul
 21255 | Elf:1    | Noticed Louise
 21266 | Elf:1    | Killed Louise
 21397 | Elf:1    | Found Fupyrimi's Food Shoppe.
 21441 | Elf:1    | Received a gift from Trog
 21496 | Elf:1    | Identified the cursed +0 mace "Xusij" {vamp, Str+2 Dex+3}
                  | (You found it on level 1 of the Elven Halls)
 22175 | Swamp:1  | Found a shadowy altar of Dithmenos.
 22741 | Swamp:2  | Noticed Frances
 22761 | Swamp:2  | Killed Frances
 22772 | Swamp:2  | Received a gift from Trog
 23542 | Swamp:3  | Noticed Bai Suzhen
 23563 | Swamp:3  | Killed Bai Suzhen
 23660 | Swamp:3  | Got a faintly glowing hat
 23753 | Swamp:3  | Identified the +2 hat of Zeguwkaf {+Blink} (You found it on
                  | level 3 of the Swamp)
 23881 | Swamp:3  | Reached XP level 18. HP: 99/102 MP: 23/23
 24284 | Swamp:4  | Entered Level 4 of the Swamp
 24428 | Swamp:4  | Received a gift from Trog
 24807 | Swamp:4  | Got a decaying rune of Zot
 25419 | Spider:1 | Entered Level 1 of the Spider Nest
 25774 | Spider:1 | Received a gift from Trog
 25900 | Spider:1 | Reached skill level 15 in Fighting
 25932 | Spider:1 | Noticed Kirke
 25950 | Spider:1 | Killed Kirke
 26780 | Spider:2 | Received a gift from Trog
 27323 | Spider:2 | Found a runed translucent gate.
 27323 | Spider:2 | Found a runed translucent gate.
 27323 | Spider:2 | Found a runed translucent gate.
 27327 | Spider:2 | Noticed Perturabo's ghost (adept FoFi)
 27610 | Spider:3 | Reached XP level 19. HP: 87/108 MP: 22/25
 27789 | Spider:3 | Found a runed translucent door.
 27873 | Spider:3 | Received a gift from Trog
 28351 | Spider:3 | Noticed dricus's ghost (adept KoBe)
 28397 | Spider:4 | Entered Level 4 of the Spider Nest
 28482 | Spider:4 | Noticed Mara
 28607 | Spider:4 | Noticed EnegeticOcto's illusion
 28617 | Spider:4 | Killed Mara
 28850 | Spider:4 | Received a gift from Trog
 29816 | Spider:4 | Got a gossamer rune of Zot
 29913 | Spider:4 | Noticed Arachne
 29929 | Spider:4 | Killed Arachne
 29929 | Spider:4 | Received a gift from Trog
 30381 | Vaults:1 | Entered Level 1 of the Vaults
 30381 | Vaults:1 | Found Ythux's General Store.
 30604 | Vaults:1 | Reached XP level 20. HP: 114/114 MP: 27/27
 30812 | Vaults:1 | Found Dowk's Book Shoppe.
 30815 | Vaults:1 | Bought a manual of Shields for 1435 gold pieces
 31695 | Vaults:1 | Found Sollav's Weapon Boutique.
 31750 | Vaults:1 | Received a gift from Trog
 32758 | Vaults:2 | Reached skill level 10 in Evocations
 32849 | Vaults:2 | Received a gift from Trog
 33220 | Vaults:2 | Reached skill level 15 in Shields
 33370 | Vaults:2 | Received a gift from Trog
 33629 | Vaults:2 | Found Wofu's Jewellery Emporium.
 33637 | Vaults:2 | Bought the amulet of Vitality {Regen+ HP+15} for 1422 gold
                  | pieces
 33637 | Vaults:2 | Found the amulet of Vitality {Regen+ HP+15}
 33762 | Vaults:2 | Reached XP level 21. HP: 120/120 MP: 30/30
 34010 | Vaults:3 | Noticed Nikola
 34024 | Vaults:3 | Killed Nikola
 34136 | Vaults:3 | Received a gift from Trog
 34408 | Vaults:3 | Noticed Margery
 34432 | Vaults:3 | Killed Margery
 34563 | Vaults:3 | Received a gift from Trog
 35011 | Vaults:3 | Found a staircase to the Crypt.
 35517 | D:14     | You paid a toll of +4 ice dragon scales to enter a treasure
                  | trove
 35518 | Trove    | Entered a treasure trove
 35524 | Trove    | Got a steaming silver amulet
 35532 | Trove    | Got a heavily runed silver ring
 35536 | Trove    | Got a fine copper amulet
 35546 | D:14     | Identified the amulet of Zehecvac {Gourm rElec Dex+4} (You
                  | found it in a treasure trove)
 35548 | D:14     | Identified the ring of Suestiol {rPois AC+3 Int+10 Slay-5}
                  | (You found it in a treasure trove)
 35550 | D:14     | Identified the amulet "Ymys" {*Corrode Regen+ Int+2 Dex+8
                  | Slay+5} (You found it in a treasure trove)
 35782 | Vaults:4 | Received a gift from Trog
 35792 | Vaults:4 | Reached XP level 22. HP: 127/127 MP: 32/32
 35987 | Vaults:4 | Found the +10 Black Knight's horse barding {ponderous,
                  | rPois rN+}
 36012 | Vaults:4 | Reached skill level 15 in Armour
 36120 | Vaults:4 | Received a gift from Trog
 36137 | Vaults:4 | Identified the +12 morningstar of a Million Songs {flame,
                  | rElec} (Trog gifted it to you on level 4 of the Vaults)
 36380 | Vaults:4 | Noticed Mennas
 36396 | Vaults:4 | Killed Mennas
 36490 | Vaults:4 | Found Elutef's Weapon Emporium.
 36777 | Vaults:4 | Noticed Saint Roka
 36795 | Vaults:4 | Killed Saint Roka
 37242 | Depths:1 | Entered Level 1 of the Depths
 37247 | Depths:1 | Found a huge runed gate.
 37247 | Depths:1 | Found a huge runed gate.
 37247 | Depths:1 | Found a huge runed gate.
 37248 | Depths:1 | Found a huge runed gate.
 37249 | Depths:1 | Found a huge runed gate.
 37298 | Depths:1 | Received a gift from Trog
 37603 | Depths:1 | Found a huge runed gate.
 37603 | Depths:1 | Found a huge runed gate.
 37618 | Depths:1 | Found a huge runed gate.
 37618 | Depths:1 | Found a huge runed gate.
 37618 | Depths:1 | Found a huge runed gate.
 37618 | Depths:1 | Found a huge runed gate.
 37618 | Depths:1 | Found a huge runed gate.
 37618 | Depths:1 | Found a huge runed gate.
 37619 | Depths:1 | Found a huge runed gate.
 37620 | Depths:1 | Found a huge runed gate.
 37621 | Depths:1 | Found a huge runed gate.
 37632 | Depths:1 | Found a huge runed gate.
 37655 | Depths:1 | Reached XP level 23. HP: 133/133 MP: 33/33
 37656 | Depths:1 | Received a gift from Trog
 37757 | Depths:1 | Found a gateway to a ziggurat.
 37898 | Depths:1 | Found a huge runed gate.
 37898 | Depths:1 | Found a huge runed gate.
 37898 | Depths:1 | Found a huge runed gate.
 37933 | Depths:1 | Found a huge runed gate.
 37934 | Depths:1 | Found a huge runed gate.
 37935 | Depths:1 | Found a huge runed gate.
 37936 | Depths:1 | Found a huge runed gate.
 37937 | Depths:1 | Found a huge runed gate.
 37937 | Depths:1 | Found a huge runed gate.
 37939 | Depths:1 | Found a huge runed gate.
 37940 | Depths:1 | Found a huge runed gate.
 37964 | Depths:1 | Found a huge runed gate.
 37965 | Depths:1 | Found a huge runed gate.
 37966 | Depths:1 | Found a huge runed gate.
 38585 | Depths:2 | Noticed a caustic shrike
 38597 | Depths:2 | Killed a caustic shrike
 38597 | Depths:2 | Received a gift from Trog
 38756 | Depths:2 | Noticed a golden dragon
 38780 | Depths:2 | Identified the +8 flail of the Ghost {vorpal, +Rage}
 38782 | Depths:2 | Killed a golden dragon
 38866 | Depths:2 | Identified the Guide on Stolen Souls and the Arsonist
 38977 | Depths:2 | Received a gift from Trog
 39359 | Depths:2 | Found a one-way gate to the infinite horrors of the Abyss.
 39631 | Depths:2 | Found a one-way gate leading to the halls of Pandemonium.
 39681 | Depths:2 | Reached XP level 24. HP: 138/138 MP: 34/34
 39983 | Depths:3 | Received a gift from Trog
 40397 | Depths:3 | Identified the +1 dagger "Askus" {venom, rElec rN+ Str+4}
 40634 | Depths:3 | You fall into a shaft and drop 2 floors!
 40634 | Depths:5 | Entered Level 5 of the Depths
 40640 | Depths:5 | Received a gift from Trog
 41212 | Depths:4 | Reached skill level 15 in Maces & Flails
 41600 | Depths:4 | Received a gift from Trog
 41605 | Depths:4 | Paralysed by a floating eye for 2 turns
 41651 | Depths:4 | Identified the cursed +1 plate armour "Reukapp" {Dex+3}
                  | (You found it on level 4 of the Depths)
 41653 | Depths:4 | Identified the +8 hunting sling "Loive" {venom, +Fly MP+9}
                  | (You found it on level 4 of the Depths)
 41884 | Depths:4 | Found a corrupted altar of Lugonu.
 42050 | Depths:5 | Noticed a juggernaut
 42133 | Depths:5 | Reached XP level 25. HP: 69/144 MP: 30/34
 42497 | Depths:5 | Received a gift from Trog
 42748 | Depths:5 | Found Nefaset's Gadget Shoppe.
 42748 | Depths:5 | Found Afefoeg's Jewellery Boutique.
 42750 | Depths:5 | Found Mobliw's Jewellery Boutique.
 42759 | Depths:5 | Bought the ring of Cethypri {rElec rC- rCorr Slay+2} for
                  | 531 gold pieces
 42765 | Depths:5 | Bought a wand of digging (6) for 480 gold pieces
 42765 | Depths:5 | Bought a box of beasts for 480 gold pieces
 42765 | Depths:5 | Bought a box of beasts for 480 gold pieces
 42894 | Depths:5 | Found a gate to the Realm of Zot.
 43212 | Vaults:5 | Entered Level 5 of the Vaults
 43341 | Vaults:5 | Noticed Jory
 43355 | Vaults:5 | Killed Jory
 43406 | Vaults:5 | Received a gift from Trog
 43463 | Vaults:5 | Reached skill level 15 in Evocations
 43569 | Vaults:5 | Received a gift from Trog
 43612 | Vaults:5 | Got a silver rune of Zot
 43940 | Zot:1    | Entered Level 1 of the Realm of Zot
 44052 | Zot:2    | Reached XP level 26. HP: 146/150 MP: 34/35
 44295 | Zot:2    | Found a transporter.
 44478 | Zot:2    | Found a transporter.
 44624 | Zot:2    | Got a pair of warped gloves
 44625 | Zot:2    | Identified the +0 pair of gloves of Muniklij {rElec rPois
                  | Dex-4} (You found it on level 2 of the Realm of Zot)
 44834 | Zot:5    | Entered Level 5 of the Realm of Zot
 45667 | Zot:5    | Noticed an orb of fire
 45667 | Zot:5    | Gained mutation: You are weak. (Str -2) [an orb of fire]
 45679 | Zot:5    | Gained mutation: Your mind is acute. (Int +2) [an orb of
                  | fire]
 45686 | Zot:5    | Killed an orb of fire
 46020 | Zot:5    | Noticed an ancient lich
 46020 | Zot:5    | Noticed an ancient lich
 46026 | Zot:5    | Killed an ancient lich
 46037 | Zot:5    | Killed an ancient lich
 46040 | Zot:5    | Noticed a Killer Klown
 46043 | Zot:5    | Killed a Killer Klown
 46043 | Zot:5    | Noticed a Killer Klown
 46046 | Zot:5    | Noticed an orb of fire
 46046 | Zot:5    | Noticed an ancient lich
 46048 | Zot:5    | Killed a Killer Klown
 46048 | Zot:5    | Received a gift from Trog
 46048 | Zot:5    | Noticed a Killer Klown
 46048 | Zot:5    | Noticed a Killer Klown
 46056 | Zot:5    | Killed a Killer Klown
 46057 | Zot:5    | Killed an orb of fire
 46057 | Zot:5    | Reached XP level 27. HP: 86/156 MP: 32/36
 46074 | Zot:5    | Killed an ancient lich
 46144 | Zot:5    | Noticed an orb of fire
 46144 | Zot:5    | Gained mutation: You are clumsy. (Dex -2) [an orb of fire]
 46149 | Zot:5    | Noticed an ancient lich
 46157 | Zot:5    | Gained mutation: Your spells are a little easier to cast,
                  | but a little less powerful. [an orb of fire]
 46161 | Zot:5    | Killed an orb of fire
 46164 | Zot:5    | Killed an ancient lich
 46186 | Zot:5    | Noticed an ancient lich
 46196 | Zot:5    | Killed an ancient lich
 46228 | Zot:5    | Noticed an ancient lich
 46235 | Zot:5    | Killed an ancient lich
 46411 | Zot:5    | Reached skill level 15 in Dodging
 46563 | Zot:5    | Got the Orb of Zot
 46782 | Depths:1 | Noticed Buriridi the pandemonium lord
 46792 | Depths:1 | Gained mutation: Armour fits poorly on your strangely
                  | shaped body. [a cacodemon]
 46795 | Depths:1 | Gained mutation: Your flesh is heat resistant. (rF+) [a
                  | cacodemon]
 46801 | Depths:1 | Killed Buriridi the pandemonium lord
 46930 | D:11     | Noticed Xuliyc the pandemonium lord
 47039 | D:5      | Noticed Poniloc the pandemonium lord
 47094 | D:$      | Escaped with the Orb!

Levels and vault maps discovered:
D:1:      elethiomel_arrival_shortcut, layout_basic,
          chequers_serial_rivers_small_3, minmay_tromino_v4_b
D:2:      layout_loops_cross, minmay_misc_feat_four_crosses, dk_xom_monty_hall,
          uniq_jessica, uniq_crazy_yiuf_cottage
D:3:      layout_basic, grunt_gozag_statues, uniq_grinder
D:4:      lemuel_castle_with_subvaults [lemuel_castle_interior_carwin_3],
          layout_loops_cross, first_ration
D:5:      layout_loops_ring, serial_shops, shop, grunt_dithmenos_smoke,
          uniq_sigmund
D:6:      layout_gridville, minmay_temple_entry_junction
D:7:      cheibrodos_quashed, layout_rooms, nicolae_ossuary_entry_ruins,
          the_bakery, uniq_prince_ribbit1
D:8:      cheibrodos_frozen_isle, layout_loops_cross, kennysheep_little_box,
          basic_altar, serial_shops, shop
D:9:      layout_long_grid, okawaru_ov_weapons_minmay,
          ebering_ghost_disaster_area
D:10:     layout_rooms, erik_lair_island, minmay_misc_feat_columns, uniq_grum
D:11:     layout_cave_pools, kennysheep_orc_monster_closet_entryway
D:12:     layout_long_grid, uniq_jorgrun, uniq_fannar
D:13:     thingy_vault, layout_rooms, chequers_serial_rivers_marsh,
          grunt_ministairs_10, uniq_josephine
D:14:     minmay_s_stair_smasher, layout_rooms,
          lightli_vaults_fourway_checkpoint, kennysheep_cluttered_room,
          nicolae_trove_entry_free_sample, serial_shops, bzr_entry_road,
          uniq_rupert
D:15:     gammafunk_depths_entry_grave, layout_irregular_city, nicolae_wwwww,
          basic_altar, uniq_azrael
Lair:1:   layout_regular_city, grunt_megastairs_2, serial_bayou_shore_a,
          lemuel_fruit_fields
Lair:2:   layout_loops_ring, spider_nest_entry_web_field
Lair:3:   layout_hall_layers, palyth_hydra_swamp_entry, beast_lair_carwin_9,
          uniq_gastronok, uniq_nergalle
Lair:4:   layout_cave_shapes, st_stairs_6
Lair:5:   layout_roguey, slime_altar_1, special_room
          [special_room_mythical_zoo], lemuel_fruit_tree,
          minmay_lair_oklob_chamber
Lair:6:   evil_forest, layout_cave_shapes, grunt_forest_large_clearings,
          lemuel_fruit_fields, uniq_snorg
Swamp:1:  layout_falls_marsh, nicolae_swamp_godswood, infiniplex_staircase_pool
Swamp:2:  layout_falls_marsh, evilmike_swamp_ruin_house_3, swamp_pool2,
          cheibrodos_swamp_pet_leeches, uniq_frances
Swamp:3:  cheibrodos_swamp_tower_of_moss, layout_basic_swamp,
          nicolae_swamp_trees_clearing, swamp_pool4, uniq_bai_suzhen
Swamp:4:  swamp, layout_basic_swamp, swamp_pool5
Spider:1: layout_chambers, uniq_kirke
Spider:2: layout_spider_delve, gammafunk_ghost_tricky_traps,
          hangedman_spider_tarantella_strand
Spider:3: layout_spider_delve, ebering_ghost_inner_flame
Spider:4: grunt_spider_rune_island, uniq_arachne, uniq_mara
Orc:1:    layout_caves, trog_book
Orc:2:    st_orc_rangers, layout_caves, serial_shops, shop
Elf:1:    minmay_elf_arrival_summoners, layout_geoelf_octagon, serial_shops,
          nicolae_shop_trees, minmay_elf_sorcery, minmay_shoptagon, uniq_aizul,
          uniq_louise
Elf:2:    layout_geoelf_octagon, hangedman_summoners_spam
Vaults:1: nicolae_vaults_statue_guard, vaults_room_grunt_arrival_checkpoint,
          v_misc_16, hangedman_vaults_slice, v_alt_pattern_1,
          grunt_vaults_hallway_short, vaults_room_grunt_arrival_ludios,
          nicolae_vaults_sealed_display, vaults_room_door_ring,
          nicolae_vaults_gold_heap, layout_vaults_omnigrid, serial_shops, shop,
          shop, shop
Vaults:2: vaults_dpeg_doors, nicolae_vaults_circle_grid_a,
          hangedman_vaults_pinch, hangedman_vaults_corner, grunt_vaults_focal,
          nicolae_vaults_big_ls, v_misc_12, ontoclasm_vaults_decontamination,
          st_cells, v_misc_5, vaults_dpeg_cross, layout_vaults_maze,
          serial_shops, shop
Vaults:3: dpeg_vaults_pockets_of_resistance, nicolae_vaults_mini_display_case,
          minmay_crypt_entry_simple_box, nicolae_vaults_little_squares_4,
          v_rooms_4, hangedman_vaults_capsules, nicolae_vaults_alarming,
          nicolae_vaults_little_squares_5, v_misc_18, layout_vaults_big_room,
          uniq_nikola, uniq_margery
Vaults:4: dpeg_vaults_monster_box, st_smaller_cells, vaults_room_ringed_pool,
          v_misc_5, vaults_standard_mumra_x, v_misc_26, v_misc_31, v_misc_18,
          ontoclasm_vaults_ring_small, ontoclasm_vaults_claustrophobia,
          v_misc_24, nicolae_vaults_specimen_jars, vaults_dpeg_diagonal,
          grunt_vaults_bifocal, nicolae_vaults_little_squares_3,
          vaults_mumra_chevron_long, layout_vaults_omnibox, serial_shops,
          shop_fountains, uniq_mennas, uniq_saint_roka
Vaults:5: uniq_jory
Depths:1: layout_gridlike, enter_ziggurat_e, serial_sigils_hangedman_leer,
          pf_dread_powers_of_hell, door_vault
Depths:2: hangedman_box_tower, layout_gridville,
          nicolae_abyss_entry_one_way_or_another, grunt_hell_entry_dis_grunt,
          pan_entry
Depths:3: kennysheep_ambush_hall, layout_gridlike, grunt_pan_entry_spiral,
          serial_sigils, serial_sigils_hangedman_scar,
          serial_sigils_hangedman_carve, serial_sigils_hangedman_snap,
          serial_sigils_hangedman_clutch, serial_sigils_hangedman_snap,
          serial_sigils_hangedman_snap, hell_entry
Depths:4: minmay_concentric_multi, layout_cave_pools, moated_statue, hell_entry,
          abyss_entry_flame_altar
Depths:5: grunt_zot_entry_hairpin, layout_basic, minmay_misc_feat_alley,
          hell_entry, minmay_shop_grove
Zot:1:    layout_cathedral_of_symmetry
Zot:2:    gammafunk_its_a_trap, layout_twisted_circle, lemuel_golem_globe,
          lemuel_elevator
Zot:3:    layout_basic
Zot:4:    layout_concentric_octagons, nrook_zot_tub
Zot:5:    layout_cathedral_of_symmetry

Skill      XL: |  1  2  3  4  5  6  7  8  9 10 11 12 13 14 15 16 17 18 19 20 21 22 23 24 25 26 27 |
---------------+----------------------------------------------------------------------------------+-----
Fighting       | 3 4 5 7 8 9 10 11 12 13 14 15 16 17 18 19 20 | 20.4
Maces & Flails | 3 4 5 7 8 9 10 11 12 14 15 16 | 16.0
Shields        | 1 3 4 6 7 9 10 11 12 13 15 17 18 19 20 | 20.6
Armour         | 3 4 5 6 8 9 10 11 12 13 14 15 16 17 18 | 18.2
Evocations     | 2 4 5 6 7 9 10 12 13 14 15 16 | 16.7
Dodging        | 3 4 5 6 8 9 10 11 12 13 14 15 | 15.1

Action                   |  1- 3 |  4- 6 |  7- 9 | 10-12 | 13-15 | 16-18 | 19-21 | 22-24 | 25-27 || total
-------------------------+-------+-------+-------+-------+-------+-------+-------+-------+-------++-------
Melee: Mace              |    78 |   107 |    32 |       |       |       |       |       |       ||   217
       Bite              |    16 |    39 |   186 |   320 |   479 |   659 |   835 |   721 |   444 ||  3699
       Whip              |       |       |   425 |   633 |       |       |       |       |       ||  1058
       Demon whip        |       |       |       |   176 |  1203 |  1625 |  1712 |   600 |       ||  5316
       Morningstar       |       |       |       |       |       |       |       |   559 |   707 ||  1266
Throw: Throwing net      |       |       |       |       |     2 |       |       |       |     2 ||     4
Invok: Berserk           |     3 |     1 |     4 |     4 |     8 |     5 |     1 |     3 |     2 ||    31
       Trog's Hand       |       |     2 |       |     1 |     6 |    12 |     5 |    10 |     9 ||    45
       Brothers in Arms  |       |       |       |     1 |     4 |     2 |     4 |     4 |     5 ||    20
 Abil: Evoke Blink       |       |       |       |       |       |       |     5 |     2 |       ||     7
Evoke: Wand              |       |       |       |     5 |     7 |     5 |     3 |     2 |     8 ||    30
       Phantom mirror    |       |       |       |       |       |     2 |     1 |       |     1 ||     4
       Box of beasts     |       |       |       |       |       |     1 |       |     2 |     3 ||     6
  Use: Scroll            |       |     6 |    17 |    14 |     6 |    19 |    19 |    14 |    13 ||   108
       Potion            |       |       |       |       |       |     3 |       |     1 |    13 ||    17
 Stab: Held in net/web   |       |       |       |       |     1 |       |     1 |       |     1 ||     3
       Paralysed         |       |       |       |       |     2 |     3 |       |       |       ||     5
       Distracted        |       |       |       |       |       |       |       |     5 |     3 ||     8
  Eat: Chunk             |     3 |     8 |    12 |    19 |    30 |    23 |    22 |    25 |     9 ||   151
       Ration            |       |       |     1 |       |     1 |     7 |     2 |     1 |     7 ||    19
Armor: Animal skin       |     5 |       |       |       |       |       |       |       |       ||     5
       Scale mail        |    31 |    18 |       |       |       |       |       |       |       ||    49
       Plate armour      |       |    35 |   160 |   273 |   284 |       |       |       |       ||   752
       Crystal plate arm |       |       |       |       |   119 |   654 |   266 |       |       ||  1039
       Storm dragon scal |       |       |       |       |       |       |   182 |    95 |       ||   277
       Gold dragon scale |       |       |       |       |       |       |       |   163 |   174 ||   337
Dodge: Dodged            |    43 |    41 |    88 |   269 |   361 |   522 |   654 |   455 |   197 ||  2630
Block: Buckler           |    10 |    20 |    77 |   201 |       |   380 |   286 |       |       ||   974
       Reflection        |       |       |     1 |     4 |    52 |    25 |    27 |       |       ||   109
       Shield            |       |       |       |    75 |   779 |   334 |   556 |   103 |       ||  1847
       Large shield      |       |       |       |       |       |       |       |   992 |   624 ||  1616

Table legend:
 A = Non-vault XP
 B = Vault XP
 C = Vault XP percentage of total XP
 D = Non-vault monster count
 E = Vault monster count
 F = Vault count percentage of total count
                 A         B        C        D         E       F
            +---------+---------+-------+---------+---------+-------
      Total |  677444 |  694369 |  50.6 |    1444 |     802 |  35.7
            +---------+---------+-------+---------+---------+-------
        D:1 |      44 |       0 |   0.0 |      19 |       0 |   0.0
        D:2 |      58 |     165 |  74.0 |      23 |       5 |  17.9
        D:3 |      60 |     262 |  81.4 |      20 |       1 |   4.8
        D:4 |     318 |     681 |  68.2 |      22 |      49 |  69.0
        D:5 |     333 |     220 |  39.8 |       5 |       1 |  16.7
        D:6 |     763 |       0 |   0.0 |      17 |       0 |   0.0
        D:7 |     546 |     475 |  46.5 |       7 |       2 |  22.2
        D:8 |     503 |       0 |   0.0 |      11 |       0 |   0.0
        D:9 |    2725 |     962 |  26.1 |      24 |       1 |   4.0
       D:10 |    3787 |    1248 |  24.8 |      43 |      11 |  20.4
       D:11 |    1705 |    1461 |  46.1 |      18 |      20 |  52.6
       D:12 |    4792 |    4032 |  45.7 |      40 |       2 |   4.8
       D:13 |   11918 |   11131 |  48.3 |      42 |      25 |  37.3
       D:14 |   17160 |   12964 |  43.0 |      60 |      26 |  30.2
       D:15 |    7705 |    6677 |  46.4 |      24 |      14 |  36.8
     Lair:1 |    3304 |    1136 |  25.6 |      13 |       2 |  13.3
     Lair:2 |    9045 |       0 |   0.0 |      36 |       0 |   0.0
     Lair:3 |    1388 |    6106 |  81.5 |      10 |      12 |  54.5
     Lair:4 |    2435 |     143 |   5.5 |      10 |       1 |   9.1
     Lair:5 |   11785 |    4697 |  28.5 |      43 |      20 |  31.7
     Lair:6 |   10793 |   12777 |  54.2 |      25 |      45 |  64.3
    Swamp:1 |    6546 |       0 |   0.0 |      24 |       0 |   0.0
    Swamp:2 |   11524 |    3011 |  20.7 |      32 |       4 |  11.1
    Swamp:3 |    9563 |    7785 |  44.9 |      29 |       2 |   6.5
    Swamp:4 |    7496 |   17965 |  70.6 |      22 |      29 |  56.9
   Spider:1 |   26301 |    2747 |   9.5 |      68 |       5 |   6.8
   Spider:2 |   11196 |     214 |   1.9 |      32 |       1 |   3.0
   Spider:3 |   22178 |       0 |   0.0 |      56 |       0 |   0.0
   Spider:4 |   21667 |   36674 |  62.9 |      52 |      47 |  47.5
      Orc:1 |    2734 |       0 |   0.0 |      39 |       0 |   0.0
      Orc:2 |    2508 |    6127 |  71.0 |      36 |      39 |  52.0
      Elf:1 |   21383 |   13737 |  39.1 |      35 |      18 |  34.0
      Elf:2 |    4747 |       0 |   0.0 |       7 |       0 |   0.0
   Vaults:1 |   24897 |   14135 |  36.2 |      48 |      13 |  21.3
   Vaults:2 |   41590 |   20579 |  33.1 |      69 |      44 |  38.9
   Vaults:3 |   26383 |   60321 |  69.6 |      43 |      57 |  57.0
   Vaults:4 |   41022 |   70382 |  63.2 |      61 |      66 |  52.0
   Vaults:5 |   12521 |   62238 |  83.3 |      14 |      44 |  75.9
   Depths:1 |   43479 |      92 |   0.2 |      55 |       2 |   3.5
   Depths:2 |   30916 |   78202 |  71.7 |      35 |      65 |  65.0
   Depths:3 |   29547 |   15216 |  34.0 |      40 |      21 |  34.4
   Depths:4 |   38688 |   30643 |  44.2 |      35 |      20 |  36.4
   Depths:5 |   39059 |   24137 |  38.2 |      43 |      15 |  25.9
      Zot:1 |    7473 |       0 |   0.0 |       4 |       0 |   0.0
      Zot:2 |   49198 |    6927 |  12.3 |      29 |       2 |   6.5
      Zot:5 |   53661 |  157445 |  74.6 |      24 |      44 |  64.7
    Ossuary |       0 |     655 | 100.0 |       0 |      27 | 100.0
            +---------+---------+-------+---------+---------+-------
